 Dungeon Crawl Stone Soup version 0.28-a0-511-gcc94558de3 (webtiles) character file.

Game seed: 4928024919748432860

5 meatgazer the Skirmisher (level 1, -3/18 HPs)
             Began as a Demonspawn Abyssal Knight on Sept 21, 2021.
             Was a Follower of Lugonu.
             Slain by a dread lich (6 damage)
             ... on level 1 of the Abyss.
             The game lasted 00:00:25 (105 turns).

meatgazer the Skirmisher (Demonspawn Abyssal Knight) Turns: 105, Time: 00:00:26

Health: -3/18      AC:  3    Str: 13    XL:     1   Next: 66%
Magic:  2/2        EV: 11    Int: 11    God:    Lugonu [*.....]
Gold:   12         SH:  0    Dex: 13    Spells: 0/0 levels left

rFire   . . .      SeeInvis .   a - +1 falchion
rCold   . . .      Faith    .   (no shield)
rNeg    . . .      Spirit   .   b - +0 leather armour
rPois   .          Reflect  .   (no helmet)
rElec   .          Harm     .   (no cloak)
rCorr   .          Rampage  .   (no gloves)
Will    .....                   (no boots)
Stlth   +.........              (no amulet)
HPRegen 0.06/turn               (no ring)
MPRegen 0.08/turn               (no ring)

@: no status effects
A: no striking features
a: Renounce Religion, Depart the Abyss


You were on level 1 of the Abyss.
You worshipped Lugonu.
Lugonu was aware of your devotion.
You visited 0 branches of the dungeon, and saw 0 of its levels.
You visited the Abyss 1 time.

You collected 12 gold pieces.

Inventory:

Hand Weapons
 a - a +1 falchion (weapon)
Armour
 b - a +0 leather armour (worn)


   Skills:
 + Level 3.2 Fighting
 + Level 1.8 Long Blades
 + Level 1.8 Armour
 + Level 0.8 Dodging
 + Level 2.5 Invocations


You couldn't memorise any spells.
You didn't know any spells.
Your spell library was empty.

Dungeon Overview and Level Annotations

Branches:
Dungeon (0/15)

Altars:


Message History

c - a scroll labelled BUXTIKHLOEPN
Found a scale mail.
You see here a +0 scale mail.
You now have 12 gold pieces.
A small abomination comes into view.
As you read the scroll labelled BUXTIKHLOEPN, it crumbles to dust.
You hear a loud clanging noise!
It was a scroll of noise.
You hear a shout!
A small abomination comes into view.
An ufetubus comes into view.
A dread lich comes into view.
The dread lich shouts!
The ufetubus misses you.
The ufetubus hits you but does no damage.
The ufetubus hits you but does no damage.
The ufetubus barely misses you. The dread lich closely misses you.
The dread lich gestures wildly while chanting.
The ufetubus barely misses you. The ufetubus closely misses you.
The ufetubus closely misses you. The ufetubus barely misses you.
There are monsters nearby!
You hit the ufetubus.
The ufetubus is almost dead.
The ufetubus hits you. The ufetubus barely misses you.
You miss the ufetubus.
The ufetubus is almost dead.
The ufetubus hits you.
The ufetubus hits you but does no damage.
The dread lich mumbles some strange words.
The dread lich flickers and vanishes!
Deactivating autopickup; reactivate with Ctrl-A.
The ufetubus hits you. The ufetubus barely misses you.
You hit the ufetubus.
You kill the ufetubus!
You hit something. Something touches you!
Ouch! That really hurt!
* * * LOW HITPOINT WARNING * * *
You closely miss something. Something touches you.
You die...

. .# ###.# #
... # . .. ..
..## #. ###
####.. # #. #@#
##.. .. # #.
##{# #..######.
#
#..##2######..
#..## #.
#.x##..#...##
.. #.#.
#.x...x..#..#..
. . #... x..
...#... ###
#.... # .##.#..
# ..## #..##...
#.###..#.### .#
#.##.##..####.
.. # ..


You could see a balrug (summoned) and 2 small abominations.

Vanquished Creatures
  An ufetubus (Abyss:1)
1 creature vanquished.

Notes
Turn   | Place    | Note
-------+----------+-------------------------------------------
     0 | Abyss:1  | meatgazer the Demonspawn Abyssal Knight began the quest for
                  | the Orb.
     0 | Abyss:1  | Reached XP level 1. HP: 18/18 MP: 2/2
    84 | Abyss:1  | Noticed a small abomination
    90 | Abyss:1  | Noticed a small abomination
    94 | Abyss:1  | Noticed a dread lich
    99 | Abyss:1  | Noticed a balrug
   105 | Abyss:1  | Slain by a dread lich

Illustrated notes

Levels and vault maps discovered:
Abyss:1:  base: Temple, base:
Temple

Action                   || total
-------------------------++-------
Melee: Falchion          ||     5
  Use: Scroll            ||     1
Armor: Leather armour    ||     3
Dodge: Dodged            ||     9

Table legend: (Time is in decaauts)
 A = Elapsed time spent in this place.
 B = Non-inter-level travel time spent in this place.
 C = Inter-level travel time spent in this place.
 D = Time resting spent in this place.
 E = Time spent auto-exploring this place.
 F = Levels seen in this place.
 G = Mean time per level.
                   A        B        C        D        E       F      G
               +--------+--------+--------+--------+--------+-----+--------+
         Total |    105 |    105 |      0 |      0 |     79 |   1 |  105.0 |
         Abyss |    105 |    105 |      0 |      0 |     79 |   1 |  105.0 |
               +--------+--------+--------+--------+--------+-----+--------+

Top non-repeatable levels by time:
 Abyss:1: 105 daAuts
